 Dungeon Crawl Stone Soup version 0.31-a0-115-g4708a659fe (webtiles) character file.

Game seed: 18374443348785378783

1021 MacCMillion the Skirmisher (level 8, -5/37 HPs)
             Began as a Spriggan Hunter on May 29, 2023.
             Was a Follower of Okawaru.
             Killed by divine providence
             ... invoked by an orc priest
              (11 damage)
             ... on level 5 of the Dungeon.
             The game lasted 00:07:31 (5205 turns).

MacCMillion the Skirmisher (Spriggan Hunter)        Turns: 5205, Time: 00:07:32

Health: -5/37      AC:  2    Str:  7    XL:     8   Next: 2%
Magic:  9/9        EV: 18    Int: 11    God:    Okawaru [*.....]
Gold:   198        SH:  0    Dex: 20    Spells: 7/7 levels left

rFire   + . .        a - +0 shortbow
rCold   + . .        (shield currently unavailable)
rNeg    + . .        c - +0 robe
rPois   .            (helmet restricted)
rElec   .            q - scarf {rC+ rF+}
rCorr   .            (gloves unavailable)
SInv    +            (boots unavailable)
Will    +....        (no amulet)
Stlth   +++          e - ring of positive energy
HPRegen 0.26/turn    (no ring)
MPRegen 0.11/turn

%: no passive effects
@: very quick
A: very small, no large weapons, unfitting armour, see invisible, speed 3
a: Renounce Religion, Heroism


You were on level 5 of the Dungeon.
You worshipped Okawaru.
Okawaru was aware of your devotion.
You visited 2 branches of the dungeon, and saw 6 of its levels.

You collected 198 gold pieces.

Inventory:

Hand Weapons
 a - a +0 shortbow (weapon)
Armour
 c - a +0 robe (worn)
 q - a scarf of resistance (worn)
Jewellery
 e - a ring of positive energy (left hand)
Wands
 r - a wand of digging (3)
 w - a wand of flame (1)
Scrolls
 b - a scroll of immolation
 g - a scroll of vulnerability {unknown}
 h - 6 scrolls of identify {unknown}
 m - 4 scrolls of teleportation {unknown}
 n - 2 scrolls of fear {unknown}
 o - a scroll of noise {unknown}
 p - a scroll of magic mapping {unknown}
 u - a scroll of blinking {unknown}
 v - a scroll of torment {unknown}
Potions
 d - 3 potions of invisibility {unknown}
 f - 3 potions of curing {unknown}
 i - 2 potions of haste {unknown}
 j - a potion of ambrosia {unknown}
 k - a potion of lignification {unknown}
 l - a potion of attraction {unknown}
 s - a potion of enlightenment {unknown}
 t - a potion of mutation {unknown}


   Skills:
 - Level 1.5 Fighting
 + Level 9.9 Ranged Weapons
 - Level 2.6 Dodging
 - Level 4.0 Stealth


You had 7 spell levels left.
You didn't know any spells.
Your spell library contained the following spells:

 Spells                   Type           Power      Damage    Failure   Level
 Vhi's Electric Charge    Tloc/Air       0%         N/A       71%         3
 Arcjolt                  Conj/Air       0%         1d10      100%        5
 Plasma Beam              Fire/Air       0%         2x1d11    100%        6


Dungeon Overview and Level Annotations

Branches:
Dungeon (5/15)             Temple (1/1) D:4

Altars:
Cheibriados
Dithmenos
Elyvilon
Fedhas
Kikubaaqudgha
Makhleb
Okawaru
Ru
Sif Muna
Trog
Vehumet
Wu Jian
Xom
Yredelemnul

Shops:
D:1 (

Annotations:
D:2 Sigmund
D:3 3 runed translucent doors, Conn's ghost, amateur OpFE
D:5 1 runed translucent door, Crazy Yiuf; Dowan; Duvessa


Innate Abilities, Weirdness & Mutations

You are very small and have problems with some larger weapons.
You are too small for most types of armour.
You have supernaturally acute eyesight. (SInv)
You cover ground extremely quickly. (Speed+++)


Message History

The orc shouts!
You shoot an arrow. The arrow closely misses the orc.
You shoot an arrow. The arrow closely misses the orc.
An orc priest comes into view. It is wielding a +0 short sword.
You shoot an arrow. The arrow closely misses the orc.
The orc priest shouts!
The arrow hits the orc priest but does no damage.
You shoot an arrow. The arrow hits the orc.
The orc is heavily wounded.
An orc comes into view. It is wielding a +0 flail.
You shoot an arrow. The orc shouts!
The arrow hits the orc!
You kill the orc!
Okawaru accepts your kill.
You shoot an arrow. The arrow hits the orc priest.
The orc priest is lightly wounded.
The orc priest calls down the wrath of Beogh upon you.
Beogh smites you!
You shoot an arrow.
The arrow hits the orc priest but does no damage.
The orc priest is lightly wounded.
You shoot an arrow. The arrow hits the orc priest.
The orc priest is moderately wounded.
You shoot an arrow.
The arrow hits the orc priest but does no damage.
The orc priest is moderately wounded.
You shoot an arrow. The arrow hits the orc priest.
The orc priest is severely wounded.
The orc priest calls down the wrath of Beogh upon you.
Beogh smites you!
You are too injured to fight recklessly!
You are too injured to fight recklessly!
Unknown command.
The orc priest invokes the aid of Beogh against you.
Beogh smites you!
* * * LOW HITPOINT WARNING * * *
The orc priest mumbles some strange prayers to Beogh against you.
Beogh smites you!
You die...

##.##############
#.##.........).#####
#e##.#########......
#e##.# ###.##.
#.##.# #.##.
#.##.###### #.###
#.#.......# #.###
#.#..####.# #.#..
#.#@.# #.# #.#..
#.#..# #.# #.#.#
#.#..## #.# #.##.
#.#...# #.# #..
#######.#.#.# #.#
#.# ......^.#.#.#
#.# #..
.#######oo..# #.#
##. #..#####.# ##
#........# #


You could see an orc priest and an orc.

Vanquished Creatures
  A water moccasin (D:5)
  An ice beast (D:5)
  2 ogres
  2 bullfrogs
  A scorpion (D:5)
  A crimson imp (D:4)
  4 jellies
  Jessica (D:3)
  2 iguanas
  A sleepcap (D:4)
  Terence (D:3)
  An orc wizard (D:5)
  7 adders
  A shadow imp (D:5)
  An ufetubus (D:5)
  A worm (D:5)
  3 dart slugs
  9 orcs
  A bat (D:1)
  6 endoplasms
  4 giant cockroaches
  A goblin (D:4)
  7 hobgoblins
  4 jackals
  4 kobolds
  3 quokkas
  8 ball pythons
  3 frilled lizards
  4 rats
85 creatures vanquished.

Notes
Turn   | Place    | Note
-------+----------+-------------------------------------------
     0 | D:1      | MacCMillion the Spriggan Hunter began the quest for the
                  | Orb.
     0 | D:1      | Reached XP level 1. HP: 10/10 MP: 2/2
    41 | D:1      | Found Komu's Weapon Shop.
   587 | D:1      | Reached XP level 2. HP: 10/14 MP: 3/3
   902 | D:2      | Noticed Sigmund
  1991 | D:2      | Reached XP level 3. HP: 9/18 MP: 4/4
  2099 | D:3      | Found a runed translucent gate.
  2099 | D:3      | Found a runed translucent gate.
  2099 | D:3      | Found a runed translucent gate.
  2103 | D:3      | Noticed Conn's ghost (amateur OpFE)
  2103 | D:3      | Identified the +0 leather armour of Ehenacei {rElec}
  2166 | D:3      | Noticed Jessica
  2169 | D:3      | Killed Jessica
  2178 | D:3      | Reached skill level 5 in Ranged Weapons
  2178 | D:3      | Reached XP level 4. HP: 22/22 MP: 5/5
  2238 | D:3      | Noticed Terence
  2283 | D:3      | Killed Terence
  2562 | D:3      | Found a shimmering blue altar of Sif Muna.
  2893 | D:4      | Reached skill level 6 in Ranged Weapons
  2893 | D:4      | Reached XP level 5. HP: 25/25 MP: 6/6
  3210 | D:4      | Reached XP level 6. HP: 30/30 MP: 7/7
  3262 | D:4      | Reached skill level 7 in Ranged Weapons
  3489 | D:4      | Found a burning altar of Makhleb.
  3491 | D:4      | Found a radiant altar of Vehumet.
  3516 | D:4      | Found an ornate altar of the Wu Jian Council.
  3604 | D:4      | Found a staircase to the Ecumenical Temple.
  3613 | Temple   | Entered the Ecumenical Temple
  3656 | Temple   | Became a worshipper of Warmaster Okawaru
  3693 | D:5      | Entered Level 5 of the Dungeon
  3801 | D:5      | Reached skill level 8 in Ranged Weapons
  3820 | D:5      | Reached XP level 7. HP: 33/33 MP: 8/8
  4180 | D:5      | Noticed Dowan
  4182 | D:5      | Noticed Duvessa
  4312 | D:5      | Reached * piety under Okawaru
  4342 | D:5      | Reached skill level 9 in Ranged Weapons
  4659 | D:5      | Found a runed translucent door.
  4660 | D:5      | Noticed Crazy Yiuf
  5106 | D:5      | Reached XP level 8. HP: 37/37 MP: 9/9
  5117 | D:5      | Found a blossoming altar of Fedhas.
  5205 | D:5      | Killed from afar by an orc priest

Illustrated notes

Levels and vault maps discovered:
D:1:      spicycebolla_arrival_clurvy, layout_basic, serial_shops,
          nicolae_shop_tiny_waterfront, serial_bayou_lagoon_a
D:2:      layout_loops_corners, uniq_sigmund
D:3:      layout_rooms, kennysheep_orc_sif_temple, biasface_ghost_orc_armoury,
          uniq_jessica, uniq_terence
D:4:      wad_crossroads, layout_basic,
          grunt_temple_overflow_lords_of_destruction, nzn_wu_jian_council_hall,
          temple_green, chequers_serial_rivers_room_a
D:5:      layout_loops_ring, grunt_temple_overflow_gold_and_silver,
          marbit_many_paths, uniq_crazy_yiuf_cottage, uniq_duvessa
Temple:   nicolae_temple_ecumenical_triangle

Skill      XL: |  1  2  3  4  5  6  7 |
---------------+----------------------+-----
Stealth        | 2 3 4 |  4.0
Ranged Weapons | 5 6 8 9 |  9.9
Fighting       | |  1.5
Dodging        | |  2.6

Action                     |  1- 3 |  4- 6 |  7- 9 || total
---------------------------+-------+-------+-------++-------
   Fire: Shortbow          |    85 |   189 |   104 ||   378
 Armour: Robe              |     3 |     4 |       ||     7
  Dodge: Dodged            |    38 |    25 |     9 ||    72

Table legend: (Time is in decaauts)
 A = Elapsed time spent in this place.
 B = Non-inter-level travel time spent in this place.
 C = Inter-level travel time spent in this place.
 D = Time resting spent in this place.
 E = Time spent auto-exploring this place.
 F = Levels seen in this place.
 G = Mean time per level.
                   A        B        C        D        E       F      G
               +--------+--------+--------+--------+--------+-----+--------+
         Total |   3744 |   3540 |    204 |    906 |   1722 |   6 |  624.0 |
       Dungeon |   3714 |   3520 |    194 |    906 |   1711 |   5 |  742.8 |
        Temple |     30 |     21 |      9 |      0 |     10 |   1 |   30.0 |
               +--------+--------+--------+--------+--------+-----+--------+

Top non-repeatable levels by time:
     D:5: 887 daAuts
     D:4: 881 daAuts
     D:2: 858 daAuts
     D:1: 588 daAuts
     D:3: 499 daAuts
  Temple: 30 daAuts
